High Goats vs Princes
(R1)
Created - 1 mars 2013 at 18:57
Goals
|
| High Goats |
1 |
1 |
2 |
4 |
| Princes |
0 |
2 |
0 |
2 |
|
Shots
|
| High Goats |
15 |
2 |
12 |
29 |
| Princes |
4 |
21 |
11 |
36 |
|
1st period
1. High Goats , Mason Raymond 25 (Gilbert Brule, Lukas Krajicek) at 10:10
Penalties :
Gilbert Brule (Buc) for Slashing (Minor) at 14:01, Sergei Shirokov (Cal) for Roughing (Minor) at 17:43
2nd period
2. High Goats , Gilbert Brule 24 (Lukas Krajicek) at 1:15
3. Princes , P.J. Axelsson 8 (Tyler Brenner, Rostislav Klesla) at 6:32
4. Princes , Brian McGrattan 19 (Alexander Korolyuk, Sean Zimmerman) at 9:26 (PP)
Penalties :
Mason Raymond (Buc) for Diving (Minor) at 0:03, Nate Prosser (Cal) for High sticking (Minor) at 0:45, Tyler Brenner (Cal) for Interference (Minor) at 4:04, Petteri Wirtanen (Buc) for Hooking (Minor) at 8:54, Alexander Korolyuk (Cal) for Hooking (Minor) at 10:26, Thomas Hickey (Buc) for Holding (Minor) at 16:27
3rd period
5. High Goats , Chris Stewart 25 (Gilbert Brule, Brad Larsen) at 5:20 (PP)
6. High Goats , Chris Stewart 26 (Sami Lepisto, Gilbert Brule) at 8:28
Penalties :
Jesse Winchester (Cal) for Tripping (Minor) at 2:14, Theo Peckham (Cal) for Tripping (Minor) at 4:22, Anthony Peluso (Cal) for Interference (Minor) at 16:53
Goalie Stats
Jonathan Bernier (Buc), 34 saves from 36 shots - (0,944), W, 14-8-4, 60:00 minutes
Jeff Deslauriers (Cal), 25 saves from 29 shots - (0,862), L, 15-9-0, 60:00 minutes
Players Stats for High Goats
Player Name G A P +/- PIM S H SB GA TA FO MP PP MP PK MP
------------------------------------------------------------------------------------
Anton Stralman 0 0 0 -1 0 2 4 1 2 2 0/0 22:49 5:18 2:05
Brad Larsen 0 1 1 0 0 1 1 1 0 0 0/1 22:48 6:30 2:51
Brandon Bollig 0 0 0 0 0 0 3 1 0 0 1/3 7:51 0:00 1:14
Brendon Segal 0 0 0 0 0 3 0 0 0 0 0/0 9:08 0:52 0:00
Chris Stewart 2 0 2 3 0 3 1 0 1 0 0/0 22:55 6:30 0:59
Craig Weller 0 0 0 -1 0 5 1 1 1 0 0/0 10:33 0:32 0:59
Gilbert Brule 1 3 4 3 2 5 1 0 1 1 17/39 23:43 6:30 1:51
Gord Baldwin 0 0 0 0 0 0 0 0 0 0 0/0 2:46 0:00 0:00
Jiri Tlusty 0 0 0 -1 0 0 1 0 0 0 0/0 8:43 0:00 0:06
Joël Perrault 0 0 0 -1 0 1 0 1 0 0 3/6 14:01 4:13 0:59
Lukas Krajicek 0 2 2 3 0 0 1 4 3 1 0/0 27:00 6:17 3:35
Mason Raymond 1 0 1 2 2 4 2 1 1 0 0/1 18:45 4:33 1:16
Matt Taormina 0 0 0 0 0 1 0 1 1 0 0/0 13:34 0:20 0:32
Nick Bonino 0 0 0 0 0 0 2 0 0 0 1/7 13:22 0:32 0:00
Pavel Brendl 0 0 0 0 0 1 0 0 0 0 1/1 16:49 4:33 0:00
Petteri Wirtanen 0 0 0 0 2 0 1 0 1 0 2/4 6:56 0:00 0:09
Sami Lepisto 0 1 1 3 0 2 1 0 1 1 0/0 26:56 6:17 3:31
Thomas Hickey 0 0 0 -1 2 1 0 2 1 3 0/0 24:48 4:58 0:41
Players Stats for Princes
Player Name G A P +/- PIM S H SB GA TA FO MP PP MP PK MP
------------------------------------------------------------------------------------
Alexander Korolyuk 0 1 1 0 2 5 2 0 2 0 0/0 16:58 2:20 1:33
Anthony Peluso 0 0 0 -1 2 0 1 0 0 0 0/0 7:09 0:10 0:00
Brian McGrattan 1 0 1 0 0 7 0 0 0 0 0/0 15:24 2:20 0:09
Colin Fraser 0 0 0 -1 0 0 0 0 0 1 0/2 6:38 0:00 0:32
David Perron 0 0 0 -2 0 3 1 1 2 1 0/0 16:20 2:42 0:16
Jason Strudwick 0 0 0 0 0 0 0 0 0 0 0/0 11:19 0:49 6:30
Jesse Winchester 0 0 0 0 2 1 0 0 0 0 16/24 15:15 2:20 0:00
Jonathan Tremblay 0 0 0 1 0 2 0 1 0 0 1/1 17:13 0:10 6:20
Kevin Shattenkirk 0 0 0 -2 0 0 1 2 0 1 0/0 20:32 3:27 0:48
Michael Haley 0 0 0 -1 0 0 0 1 0 1 0/0 5:48 0:00 0:00
Michael Nylander 0 0 0 -2 0 3 3 1 1 2 14/22 19:49 2:42 3:20
Nate Prosser 0 0 0 0 2 0 4 0 0 1 0/0 18:54 1:34 0:00
Noah Welch 0 0 0 0 0 0 0 1 0 0 0/0 0:15 0:00 0:00
P.J. Axelsson 1 0 1 1 0 2 0 1 1 1 6/10 17:02 0:10 6:27
Rhett Warrener 0 0 0 1 0 0 0 1 1 1 0/0 9:08 0:10 4:52
Rostislav Klesla 0 1 1 0 0 6 0 3 1 3 0/0 22:30 1:35 4:17
Sean Zimmerman 0 1 1 -2 0 5 2 2 0 0 0/0 26:45 2:48 6:30
Sergei Shirokov 0 0 0 -1 2 1 1 1 0 0 0/1 17:20 2:42 2:03
Theo Peckham 0 0 0 -1 2 0 1 1 0 0 0/0 10:46 0:00 0:13
Tyler Brenner 0 1 1 1 2 1 2 1 0 1 0/2 11:56 0:00 2:30
3 Stars
1 - Gilbert Brule (Buc)
2 - Chris Stewart (Buc)
3 - Lukas Krajicek (Buc)
Power Play
High Goats - 1 on 7 Attempt(s) - 14,29%
Princes - 1 on 4 Attempt(s) - 25,00%
Penalty Kill
High Goats - 3 on 4 Attempt(s) - 75,00%
- Score 0 goal in Penalty Kill
Princes - 6 on 7 Attempt(s) - 85,71%
- Score 0 goal in Penalty Kill
Official
Referees : O'Halloran Dan and StLaurent Francois
Linesman : Dan Schachte and Greg Devorski
Game Notes
Noah Welch is injured at 0:14 of 1st period (Strained Left Elbow)
Gord Baldwin is injured at 9:23 of 1st period (Fractured Metatarsal (Right Foot))
High Goats
5 vs 5 Forward
Center Left Wing Right Wing Time % Phy DF OF
1 Gilbert Brule Mason Raymond Chris Stewart 40 1 2 2
2 Nick Bonino Brad Larsen Pavel Brendl 30 1 2 2
3 Joël Perrault Jiri Tlusty Craig Weller 20 1 2 2
4 Petteri Wirtanen Brandon Bollig Brendon Segal 10 1 2 2
5 vs 5 Defense
Defense Defense Time % Phy DF OF
1 Lukas Krajicek Sami Lepisto 40 1 2 2
2 Anton Stralman Thomas Hickey 30 1 2 2
3 Matt Taormina Gord Baldwin 20 1 2 2
4 Lukas Krajicek Sami Lepisto 10 1 2 2
PowerPlay Forward
Center Left Wing Right Wing Time % Phy DF OF
1 Gilbert Brule Brad Larsen Chris Stewart 60 1 2 2
2 Joël Perrault Mason Raymond Pavel Brendl 40 1 2 2
PowerPlay Defense
Defense Defense Time % Phy DF OF
1 Lukas Krajicek Sami Lepisto 60 1 2 2
2 Anton Stralman Thomas Hickey 40 1 2 2
Penalty Kill 4 Players Forward
Center Wing Time % Phy DF OF
1 Gilbert Brule Brad Larsen 60 1 2 2
2 Craig Weller Chris Stewart 40 1 2 2
Penalty Kill 4 Players Defense
Defense Defense Time % Phy DF OF
1 Lukas Krajicek Sami Lepisto 60 1 2 2
2 Anton Stralman Gord Baldwin 40 1 2 2
Penalty Kill - 3 Players Forward
Forward Time % Phy DF OF
1 Gilbert Brule 60 1 2 2
2 Chris Stewart 40 1 2 2
Penalty Kill - 3 Players Defense
Defense Defense Time % Phy DF OF
1 Lukas Krajicek Sami Lepisto 60 1 2 2
2 Anton Stralman Gord Baldwin 40 1 2 2
4 vs 4 Forward
Center Wing Time % Phy DF OF
1 Gilbert Brule Chris Stewart 60 1 2 2
2 Pavel Brendl Mason Raymond 40 1 2 2
4 vs 4 Defense
Defense Defense Time % Phy DF OF
1 Lukas Krajicek Sami Lepisto 60 1 2 2
2 Anton Stralman Gord Baldwin 40 1 2 2
Last Minutes Offensive
Center Left Wing Right Wing Defense Defense
Gilbert Brule Mason Raymond Chris Stewart Lukas Krajicek Sami Lepisto
Last Minutes Defensive
Center Left Wing Right Wing Defense Defense
Gilbert Brule Mason Raymond Chris Stewart Lukas Krajicek Sami Lepisto
Goaltenders
Starting : Jonathan Bernier
Backup : Al Montoya
Extra Forwards
Normal : Brendon Segal, Nick Bonino, Brandon Bollig - PP : Brendon Segal, Nick Bonino - PK : Brandon Bollig
Extra Defensemen
Normal : Matt Taormina, Thomas Hickey, Anton Stralman - PP : Matt Taormina - PK : Thomas Hickey, Anton Stralman
Penalty Shots
Gilbert Brule, Brad Larsen, Craig Weller, Chris Stewart, Joël Perrault
Princes
5 vs 5 Forward
Center Left Wing Right Wing Time % Phy DF OF
1 Jesse Winchester Alexander Korolyuk Brian McGrattan 40 1 1 3
2 Michael Nylander David Perron Sergei Shirokov 35 1 1 3
3 Tyler Brenner P.J. Axelsson Jonathan Tremblay 20 1 2 2
4 Colin Fraser Michael Haley Anthony Peluso 5 2 2 1
5 vs 5 Defense
Defense Defense Time % Phy DF OF
1 Noah Welch Nate Prosser 40 0 3 2
2 Rostislav Klesla Kevin Shattenkirk 35 0 3 2
3 Sean Zimmerman Theo Peckham 20 0 3 2
4 Sean Zimmerman Theo Peckham 5 0 3 2
PowerPlay Forward
Center Left Wing Right Wing Time % Phy DF OF
1 Michael Nylander David Perron Sergei Shirokov 60 0 1 4
2 Jesse Winchester Alexander Korolyuk Brian McGrattan 40 1 2 2
PowerPlay Defense
Defense Defense Time % Phy DF OF
1 Kevin Shattenkirk Noah Welch 60 0 2 3
2 Rostislav Klesla Nate Prosser 40 0 2 3
Penalty Kill 4 Players Forward
Center Wing Time % Phy DF OF
1 P.J. Axelsson Jonathan Tremblay 60 1 3 1
2 Michael Nylander Tyler Brenner 40 1 3 1
Penalty Kill 4 Players Defense
Defense Defense Time % Phy DF OF
1 Jason Strudwick Sean Zimmerman 60 1 4 0
2 Rhett Warrener Noah Welch 40 1 4 0
Penalty Kill - 3 Players Forward
Forward Time % Phy DF OF
1 Michael Nylander 60 0 4 1
2 P.J. Axelsson 40 0 4 1
Penalty Kill - 3 Players Defense
Defense Defense Time % Phy DF OF
1 Jason Strudwick Sean Zimmerman 60 1 4 0
2 Rhett Warrener Noah Welch 40 1 4 0
4 vs 4 Forward
Center Wing Time % Phy DF OF
1 Michael Nylander David Perron 60 1 2 2
2 Sergei Shirokov Brian McGrattan 40 1 2 2
4 vs 4 Defense
Defense Defense Time % Phy DF OF
1 Kevin Shattenkirk Sean Zimmerman 60 1 2 2
2 Noah Welch Nate Prosser 40 1 2 2
Last Minutes Offensive
Center Left Wing Right Wing Defense Defense
Michael Nylander David Perron Sergei Shirokov Kevin Shattenkirk Rostislav Klesla
Last Minutes Defensive
Center Left Wing Right Wing Defense Defense
Michael Nylander P.J. Axelsson Sergei Shirokov Jason Strudwick Sean Zimmerman
Goaltenders
Starting : Jeff Deslauriers
Backup : Manny Legace
Extra Forwards
Normal : P.J. Axelsson, Jesse Winchester, Sergei Shirokov - PP : P.J. Axelsson, Jonathan Tremblay - PK : Sergei Shirokov
Extra Defensemen
Normal : Sean Zimmerman, Theo Peckham, Kevin Shattenkirk - PP : Sean Zimmerman - PK : Rostislav Klesla, Kevin Shattenkirk
Penalty Shots
Michael Nylander, Brian McGrattan, David Perron, Sergei Shirokov, Alexander Korolyuk
% Time on Ice - High Goats
Lines # - Real PCT - Wanted PCT - Time Play
Normal Forward
1 - 35% - 40% - 14:43
2 - 29% - 30% - 12:10
3 - 20% - 20% - 8:34
4 - 15% - 10% - 6:29
Normal Defense
1 - 37% - 40% - 15:41
2 - 28% - 30% - 11:38
3 - 32% - 20% - 13:32
4 - 3% - 10% - 1:05
PP Forward
1 - 61% - 60% - 7:02
2 - 39% - 40% - 4:33
PP Defense
1 - 54% - 60% - 6:17
2 - 46% - 40% - 5:18
PK Forward
1 - 81% - 60% - 4:13
2 - 19% - 40% - 0:59
PK Defense
1 - 60% - 60% - 3:07
2 - 40% - 40% - 2:05
PK3 Forward
1 - 0% - 60%
2 - 0% - 40%
PK3 Defense
1 - 0% - 60%
2 - 0% - 40%
44 Forward
1 - 92% - 60% - 1:11
2 - 8% - 40% - 0:06
44 Defense
1 - 83% - 60% - 1:04
2 - 17% - 40% - 0:13
Last Minute Offensive - 0:00
Last Minute Defensive - 0:00
Total
Forward - 60:00
Defense - 60:00
|
% Time on Ice - Princes
Lines # - Real PCT - Wanted PCT - Time Play
Normal Forward
1 - 36% - 40% - 14:58
2 - 30% - 35% - 12:37
3 - 20% - 20% - 8:33
4 - 14% - 5% - 5:48
Normal Defense
1 - 44% - 40% - 18:23
2 - 40% - 35% - 16:48
3 - 14% - 20% - 5:43
4 - 2% - 5% - 1:02
PP Forward
1 - 55% - 60% - 2:52
2 - 45% - 40% - 2:20
PP Defense
1 - 70% - 60% - 3:37
2 - 30% - 40% - 1:35
PK Forward
1 - 70% - 60% - 8:06
2 - 30% - 40% - 3:29
PK Defense
1 - 56% - 60% - 6:30
2 - 44% - 40% - 5:05
PK3 Forward
1 - 0% - 60%
2 - 0% - 40%
PK3 Defense
1 - 0% - 60%
2 - 0% - 40%
44 Forward
1 - 91% - 60% - 1:10
2 - 9% - 40% - 0:07
44 Defense
1 - 91% - 60% - 1:10
2 - 9% - 40% - 0:07
Last Minute Offensive - 0:00
Last Minute Defensive - 0:00
Total
Forward - 60:00
Defense - 60:00
|
Play by Play
1st period
0:01 of 1st period - Jesse Winchester wins face-off versus Gilbert Brule in neutral zone.
0:14 of 1st period - Slapshot by Lukas Krajicek.
0:14 of 1st period - Shot Blocked by Noah Welch.
0:14 of 1st period - Noah Welch from Princes is injured at 0:14 of 1st period (Strained Left Elbow).
0:15 of 1st period - Michael Nylander wins face-off versus Nick Bonino in Princes zone.
0:24 of 1st period - Snap shot by David Perron.
0:24 of 1st period - Stopped by Jonathan Bernier without a rebound.
0:25 of 1st period - Michael Nylander wins face-off versus Nick Bonino in High Goats zone.
0:36 of 1st period - Snap shot by Michael Nylander.
0:36 of 1st period - Stopped by Jonathan Bernier with a rebound.
0:48 of 1st period - Snap shot by Brad Larsen.
0:48 of 1st period - Stopped by Jeff Deslauriers with a rebound.
0:58 of 1st period - Slapshot by Pavel Brendl.
0:58 of 1st period - Shot Blocked by David Perron.
1:00 of 1st period - Wrist shot by Nick Bonino.
1:00 of 1st period - Shot Blocked by Rostislav Klesla.
1:02 of 1st period - Wrist shot by Thomas Hickey.
1:02 of 1st period - Shot Blocked by Sergei Shirokov.
1:34 of 1st period - Wrist shot by Pavel Brendl.
1:34 of 1st period - Shot Misses the Net.
1:36 of 1st period - Slapshot by Anton Stralman.
1:36 of 1st period - Stopped by Jeff Deslauriers with a rebound.
1:38 of 1st period - Slapshot by Thomas Hickey.
1:38 of 1st period - Stopped by Jeff Deslauriers with a rebound.
2:43 of 1st period - Snap shot by Pavel Brendl.
2:43 of 1st period - Deflect By Rostislav Klesla.
2:43 of 1st period - Shot Blocked by Michael Nylander.
2:43 of 1st period - Puck is out of play.
2:44 of 1st period - Gilbert Brule wins face-off versus Jesse Winchester in Princes zone.
2:49 of 1st period - Snap shot by Chris Stewart.
2:49 of 1st period - Stopped by Jeff Deslauriers with a rebound.
3:04 of 1st period - Sean Zimmerman is hit by Mason Raymond and loses puck.
3:40 of 1st period - Wrist shot by Petteri Wirtanen.
3:40 of 1st period - Shot Misses the Net.
6:19 of 1st period - Icing by Colin Fraser.
6:20 of 1st period - Petteri Wirtanen wins face-off versus Colin Fraser in Princes zone.
6:21 of 1st period - Wrist shot by Jiri Tlusty.
6:21 of 1st period - Shot Blocked by Sean Zimmerman.
6:37 of 1st period - Sean Zimmerman is hit by Jiri Tlusty and loses puck.
7:29 of 1st period - Anton Stralman is hit by Nate Prosser and loses puck.
7:42 of 1st period - Brian McGrattan is hit by Craig Weller and loses puck.
8:10 of 1st period - Icing by Rhett Warrener.
8:11 of 1st period - Michael Nylander wins face-off versus Petteri Wirtanen in Princes zone.
8:11 of 1st period - Michael Nylander is hit by Brandon Bollig.
8:17 of 1st period - Jesse Winchester is hit by Brandon Bollig and loses puck.
8:33 of 1st period - Lukas Krajicek is hit by Theo Peckham and loses puck.
8:59 of 1st period - Slapshot by Sergei Shirokov.
8:59 of 1st period - Shot Misses the Net.
9:22 of 1st period - Gord Baldwin is hit by Alexander Korolyuk and loses puck.
9:23 of 1st period - Gord Baldwin from High Goats is injured at 9:23 of 1st period (Fractured Metatarsal (Right Foot)).
9:24 of 1st period - Gilbert Brule wins face-off versus Jesse Winchester in High Goats zone.
10:10 of 1st period - Slapshot by Mason Raymond.
10:10 of 1st period - Goal by Mason Raymond - High Goats : 1 - Princes : 0.
10:11 of 1st period - Jesse Winchester wins face-off versus Joël Perrault in neutral zone.
10:14 of 1st period - Anton Stralman is hit by Alexander Korolyuk and loses puck.
10:27 of 1st period - Slapshot by Craig Weller.
10:27 of 1st period - Stopped by Jeff Deslauriers with a rebound.
10:56 of 1st period - Slapshot by Lukas Krajicek.
10:56 of 1st period - Deflect By Brendon Segal.
10:56 of 1st period - Shot Misses the Net.
10:56 of 1st period - Puck is out of play.
10:57 of 1st period - Petteri Wirtanen wins face-off versus Tyler Brenner in Princes zone.
11:00 of 1st period - Snap shot by Brendon Segal.
11:00 of 1st period - Stopped by Jeff Deslauriers with a rebound.
11:35 of 1st period - Wrist shot by Tyler Brenner.
11:35 of 1st period - Stopped by Jonathan Bernier without a rebound.
11:36 of 1st period - Gilbert Brule wins face-off versus Jesse Winchester in High Goats zone.
11:47 of 1st period - Rostislav Klesla is hit by Anton Stralman and loses puck.
12:02 of 1st period - Kevin Shattenkirk is hit by Anton Stralman and loses puck.
12:23 of 1st period - Slapshot by Craig Weller.
12:23 of 1st period - Stopped by Jeff Deslauriers without a rebound.
12:24 of 1st period - Joël Perrault wins face-off versus Colin Fraser in Princes zone.
12:27 of 1st period - Snap shot by Craig Weller.
12:27 of 1st period - Stopped by Jeff Deslauriers without a rebound.
12:28 of 1st period - Jesse Winchester wins face-off versus Mason Raymond in Princes zone.
12:35 of 1st period - Snap shot by Alexander Korolyuk.
12:35 of 1st period - Shot Misses the Net.
12:39 of 1st period - Slapshot by Brian McGrattan.
12:39 of 1st period - Stopped by Jonathan Bernier with a rebound.
13:13 of 1st period - Slapshot by Joël Perrault.
13:13 of 1st period - Shot Misses the Net.
13:15 of 1st period - Snap shot by Craig Weller.
13:15 of 1st period - Stopped by Jeff Deslauriers without a rebound.
13:16 of 1st period - Joël Perrault wins face-off versus Tyler Brenner in Princes zone.
13:23 of 1st period - Wrist shot by Craig Weller.
13:23 of 1st period - Shot Blocked by Tyler Brenner.
13:31 of 1st period - Snap shot by Craig Weller.
13:31 of 1st period - Deflect By Jiri Tlusty.
13:31 of 1st period - Shot Misses the Net.
13:31 of 1st period - Puck is out of play.
13:32 of 1st period - Jesse Winchester wins face-off versus Gilbert Brule in Princes zone.
13:43 of 1st period - Slapshot by Gilbert Brule.
13:43 of 1st period - Stopped by Jeff Deslauriers with a rebound.
13:45 of 1st period - Snap shot by Mason Raymond.
13:45 of 1st period - Stopped by Jeff Deslauriers without a rebound.
13:46 of 1st period - Jesse Winchester wins face-off versus Gilbert Brule in Princes zone.
13:51 of 1st period - Snap shot by Chris Stewart.
13:51 of 1st period - Deflect By Gilbert Brule.
13:51 of 1st period - Shot Misses the Net.
13:51 of 1st period - Puck is out of play.
13:52 of 1st period - Jesse Winchester wins face-off versus Gilbert Brule in Princes zone.
13:52 of 1st period - Jesse Winchester is hit by Chris Stewart.
14:01 of 1st period - Minor Penalty to Gilbert Brule for Slashing.
14:02 of 1st period - Brandon Bollig wins face-off versus Michael Nylander in High Goats zone.
14:27 of 1st period - Kevin Shattenkirk is hit by Brad Larsen and loses puck.
15:04 of 1st period - Mason Raymond is hit by Michael Nylander and loses puck.
15:31 of 1st period - Sami Lepisto is hit by Kevin Shattenkirk and loses puck.
16:01 of 1st period - Penalty to Gilbert Brule is over, Gilbert Brule is back on ice.
16:07 of 1st period - Jonathan Tremblay is hit by Brandon Bollig.
17:43 of 1st period - Minor Penalty to Sergei Shirokov for Roughing.
17:44 of 1st period - Gilbert Brule wins face-off versus P.J. Axelsson in Princes zone.
18:14 of 1st period - Snap shot by Joël Perrault.
18:14 of 1st period - Deflect By Mason Raymond.
18:14 of 1st period - Stopped by Jeff Deslauriers without a rebound.
18:15 of 1st period - P.J. Axelsson wins face-off versus Joël Perrault in Princes zone.
18:28 of 1st period - Snap shot by Mason Raymond.
18:28 of 1st period - Shot Misses the Net.
18:38 of 1st period - Slapshot by Sami Lepisto.
18:38 of 1st period - Stopped by Jeff Deslauriers with a rebound.
18:44 of 1st period - Snap shot by Sami Lepisto.
18:44 of 1st period - Stopped by Jeff Deslauriers without a rebound.
18:45 of 1st period - Michael Nylander wins face-off versus Gilbert Brule in Princes zone.
19:43 of 1st period - Penalty to Sergei Shirokov is over, Sergei Shirokov is back on ice.
19:58 of 1st period - Snap shot by Sergei Shirokov.
19:58 of 1st period - Shot Misses the Net.
2nd period
0:01 of 2nd period - Jesse Winchester wins face-off versus Gilbert Brule in neutral zone.
0:03 of 2nd period - Minor Penalty to Mason Raymond for Diving.
0:04 of 2nd period - Michael Nylander wins face-off versus Gilbert Brule in High Goats zone.
0:05 of 2nd period - Snap shot by David Perron.
0:05 of 2nd period - Shot Blocked by Brad Larsen.
0:19 of 2nd period - Snap shot by Michael Nylander.
0:19 of 2nd period - Shot Misses the Net.
0:36 of 2nd period - Wrist shot by Alexander Korolyuk.
0:36 of 2nd period - Shot Blocked by Lukas Krajicek.
0:38 of 2nd period - Snap shot by Brian McGrattan.
0:38 of 2nd period - Shot Misses the Net.
0:45 of 2nd period - Minor Penalty to Nate Prosser for High sticking.
0:46 of 2nd period - Michael Nylander wins face-off versus Gilbert Brule in Princes zone.
0:55 of 2nd period - Snap shot by Michael Nylander.
0:55 of 2nd period - Shot Blocked by Anton Stralman.
0:57 of 2nd period - Slapshot by Michael Nylander.
0:57 of 2nd period - Stopped by Jonathan Bernier without a rebound.
0:58 of 2nd period - Gilbert Brule wins face-off versus Michael Nylander in High Goats zone.
1:05 of 2nd period - Snap shot by Michael Nylander.
1:05 of 2nd period - Shot Misses the Net.
1:07 of 2nd period - Slapshot by Sean Zimmerman.
1:07 of 2nd period - Deflect By Gilbert Brule.
1:07 of 2nd period - Stopped by Jonathan Bernier without a rebound.
1:08 of 2nd period - Gilbert Brule wins face-off versus Michael Nylander in High Goats zone.
1:15 of 2nd period - Snap shot by Gilbert Brule.
1:15 of 2nd period - Goal by Gilbert Brule - High Goats : 2 - Princes : 0.
1:16 of 2nd period - Gilbert Brule wins face-off versus Michael Nylander in neutral zone.
1:23 of 2nd period - Slapshot by Sean Zimmerman.
1:23 of 2nd period - Stopped by Jonathan Bernier without a rebound.
1:24 of 2nd period - Michael Nylander wins face-off versus Gilbert Brule in High Goats zone.
1:25 of 2nd period - Wrist shot by David Perron.
1:25 of 2nd period - Shot Misses the Net.
1:27 of 2nd period - Slapshot by Sean Zimmerman.
1:27 of 2nd period - Deflect By Gilbert Brule.
1:27 of 2nd period - Stopped by Jonathan Bernier without a rebound.
1:28 of 2nd period - Gilbert Brule wins face-off versus Michael Nylander in High Goats zone.
2:01 of 2nd period - Snap shot by Brian McGrattan.
2:01 of 2nd period - Stopped by Jonathan Bernier without a rebound.
2:02 of 2nd period - Pavel Brendl wins face-off versus Sergei Shirokov in High Goats zone.
2:03 of 2nd period - Penalty to Mason Raymond is over, Mason Raymond is back on ice.
2:07 of 2nd period - Kevin Shattenkirk is hit by Mason Raymond and loses puck.
2:18 of 2nd period - Slapshot by Sean Zimmerman.
2:18 of 2nd period - Deflect By Mason Raymond.
2:18 of 2nd period - Stopped by Jonathan Bernier with a rebound.
2:22 of 2nd period - Slapshot by P.J. Axelsson.
2:22 of 2nd period - Deflect By Jonathan Tremblay.
2:22 of 2nd period - Stopped by Jonathan Bernier without a rebound.
2:23 of 2nd period - Gilbert Brule wins face-off versus P.J. Axelsson in High Goats zone.
2:28 of 2nd period - Jason Strudwick is hit by Lukas Krajicek and loses puck.
2:33 of 2nd period - Slapshot by Gilbert Brule.
2:33 of 2nd period - Stopped by Jeff Deslauriers without a rebound.
2:34 of 2nd period - P.J. Axelsson wins face-off versus Gilbert Brule in Princes zone.
2:45 of 2nd period - Penalty to Nate Prosser is over, Nate Prosser is back on ice.
3:01 of 2nd period - Wrist shot by Jesse Winchester.
3:01 of 2nd period - Shot Misses the Net.
3:05 of 2nd period - Wrist shot by Alexander Korolyuk.
3:05 of 2nd period - Shot Blocked by Lukas Krajicek.
3:07 of 2nd period - Slapshot by Brian McGrattan.
3:07 of 2nd period - Shot Blocked by Craig Weller.
3:09 of 2nd period - Snap shot by Brian McGrattan.
3:09 of 2nd period - Shot Misses the Net.
3:11 of 2nd period - Wrist shot by Brian McGrattan.
3:11 of 2nd period - Stopped by Jonathan Bernier without a rebound.
3:12 of 2nd period - Michael Nylander wins face-off versus Gilbert Brule in High Goats zone.
4:02 of 2nd period - Jiri Tlusty is hit by Nate Prosser and loses puck.
4:04 of 2nd period - Minor Penalty to Tyler Brenner for Interference.
4:05 of 2nd period - Gilbert Brule wins face-off versus P.J. Axelsson in Princes zone.
5:53 of 2nd period - Snap shot by Michael Nylander.
5:53 of 2nd period - Shot Misses the Net.
6:04 of 2nd period - Penalty to Tyler Brenner is over, Tyler Brenner is back on ice.
6:20 of 2nd period - Slapshot by Rostislav Klesla.
6:20 of 2nd period - Shot Blocked by Joël Perrault.
6:22 of 2nd period - Backhand shot by Rostislav Klesla.
6:22 of 2nd period - Stopped by Jonathan Bernier with a rebound.
6:24 of 2nd period - Slapshot by Rostislav Klesla.
6:24 of 2nd period - Shot Misses the Net.
6:26 of 2nd period - Snap shot by Rostislav Klesla.
6:26 of 2nd period - Stopped by Jonathan Bernier with a rebound.
6:28 of 2nd period - Slapshot by Rostislav Klesla.
6:28 of 2nd period - Stopped by Jonathan Bernier with a rebound.
6:32 of 2nd period - Slapshot by Tyler Brenner.
6:32 of 2nd period - Deflect By P.J. Axelsson.
6:32 of 2nd period - Goal by P.J. Axelsson - High Goats : 2 - Princes : 1.
6:33 of 2nd period - Jesse Winchester wins face-off versus Gilbert Brule in neutral zone.
6:42 of 2nd period - Wrist shot by Gilbert Brule.
6:42 of 2nd period - Shot Misses the Net.
6:44 of 2nd period - Slapshot by Gilbert Brule.
6:44 of 2nd period - Shot Misses the Net.
6:46 of 2nd period - Snap shot by Chris Stewart.
6:46 of 2nd period - Shot Blocked by Theo Peckham.
6:48 of 2nd period - Slapshot by Lukas Krajicek.
6:48 of 2nd period - Shot Blocked by Sean Zimmerman.
7:00 of 2nd period - Pavel Brendl is hit by Michael Nylander and loses puck.
7:27 of 2nd period - Snap shot by Brendon Segal.
7:27 of 2nd period - Shot Blocked by Kevin Shattenkirk.
7:29 of 2nd period - Slapshot by Brendon Segal.
7:29 of 2nd period - Shot Blocked by Rostislav Klesla.
8:12 of 2nd period - Thomas Hickey is hit by Nate Prosser and loses puck.
8:54 of 2nd period - Minor Penalty to Petteri Wirtanen for Hooking.
8:55 of 2nd period - Michael Nylander wins face-off versus Gilbert Brule in High Goats zone.
9:26 of 2nd period - Wrist shot by Brian McGrattan.
9:26 of 2nd period - Goal by Brian McGrattan - High Goats : 2 - Princes : 2.
9:27 of 2nd period - Gilbert Brule wins face-off versus Jesse Winchester in neutral zone.
9:36 of 2nd period - Slapshot by Alexander Korolyuk.
9:36 of 2nd period - Stopped by Jonathan Bernier with a rebound.
9:38 of 2nd period - Slapshot by Alexander Korolyuk.
9:38 of 2nd period - Stopped by Jonathan Bernier with a rebound.
9:40 of 2nd period - Snap shot by Alexander Korolyuk.
9:40 of 2nd period - Shot Misses the Net.
9:42 of 2nd period - Wrist shot by Jesse Winchester.
9:42 of 2nd period - Shot Blocked by Lukas Krajicek.
10:01 of 2nd period - Slapshot by Michael Nylander.
10:01 of 2nd period - Deflect By David Perron.
10:01 of 2nd period - Stopped by Jonathan Bernier without a rebound.
10:02 of 2nd period - Jesse Winchester wins face-off versus Nick Bonino in High Goats zone.
10:03 of 2nd period - Snap shot by Alexander Korolyuk.
10:03 of 2nd period - Stopped by Jonathan Bernier with a rebound.
10:05 of 2nd period - Wrist shot by Brian McGrattan.
10:05 of 2nd period - Stopped by Jonathan Bernier with a rebound.
10:07 of 2nd period - Backhand shot by Nate Prosser.
10:07 of 2nd period - Shot Blocked by Thomas Hickey.
10:09 of 2nd period - Slapshot by Sean Zimmerman.
10:09 of 2nd period - Stopped by Jonathan Bernier with a rebound.
10:11 of 2nd period - Snap shot by Brian McGrattan.
10:11 of 2nd period - Deflect By Brad Larsen.
10:11 of 2nd period - Shot Misses the Net.
10:11 of 2nd period - Puck is out of play.
10:12 of 2nd period - Jesse Winchester wins face-off versus Nick Bonino in High Goats zone.
10:26 of 2nd period - Minor Penalty to Alexander Korolyuk for Hooking.
10:27 of 2nd period - P.J. Axelsson wins face-off versus Gilbert Brule in Princes zone.
12:26 of 2nd period - Penalty to Alexander Korolyuk is over, Alexander Korolyuk is back on ice.
13:41 of 2nd period - Petteri Wirtanen is hit by Anthony Peluso.
14:58 of 2nd period - Off-side.
14:59 of 2nd period - Michael Nylander wins face-off versus Gilbert Brule in neutral zone.
15:23 of 2nd period - Alexander Korolyuk is hit by Nick Bonino and loses puck.
16:12 of 2nd period - Sean Zimmerman is hit by Gilbert Brule and loses puck.
16:27 of 2nd period - Minor Penalty to Thomas Hickey for Holding.
16:28 of 2nd period - Gilbert Brule wins face-off versus Michael Nylander in High Goats zone.
16:43 of 2nd period - Backhand shot by Sergei Shirokov.
16:43 of 2nd period - Shot Blocked by Lukas Krajicek.
17:58 of 2nd period - Mason Raymond is hit by Sean Zimmerman and loses puck.
18:23 of 2nd period - Slapshot by Kevin Shattenkirk.
18:23 of 2nd period - Deflect By Jonathan Tremblay.
18:23 of 2nd period - Stopped by Jonathan Bernier without a rebound.
18:24 of 2nd period - P.J. Axelsson wins face-off versus Brandon Bollig in High Goats zone.
18:25 of 2nd period - Slapshot by Rostislav Klesla.
18:25 of 2nd period - Stopped by Jonathan Bernier without a rebound.
18:26 of 2nd period - Jonathan Tremblay wins face-off versus Brandon Bollig in High Goats zone.
18:27 of 2nd period - Penalty to Thomas Hickey is over, Thomas Hickey is back on ice.
18:31 of 2nd period - Backhand shot by Jonathan Tremblay.
18:31 of 2nd period - Deflect By P.J. Axelsson.
18:31 of 2nd period - Shot Blocked by Brandon Bollig.
18:31 of 2nd period - Puck is out of play.
18:32 of 2nd period - Jesse Winchester wins face-off versus Gilbert Brule in High Goats zone.
19:42 of 2nd period - Rostislav Klesla is hit by Petteri Wirtanen and loses puck.
3rd period
0:01 of 3rd period - Gilbert Brule wins face-off versus Jesse Winchester in neutral zone.
0:14 of 3rd period - Backhand shot by Alexander Korolyuk.
0:14 of 3rd period - Stopped by Jonathan Bernier without a rebound.
0:15 of 3rd period - Michael Nylander wins face-off versus Nick Bonino in High Goats zone.
0:42 of 3rd period - Gilbert Brule is hit by Nate Prosser and loses puck.
1:09 of 3rd period - Wrist shot by Craig Weller.
1:09 of 3rd period - Stopped by Jeff Deslauriers with a rebound.
1:11 of 3rd period - Wrist shot by Matt Taormina.
1:11 of 3rd period - Shot Blocked by P.J. Axelsson.
1:21 of 3rd period - Nate Prosser is hit by Anton Stralman.
1:50 of 3rd period - Brad Larsen is hit by David Perron and loses puck.
2:05 of 3rd period - Snap shot by Mason Raymond.
2:05 of 3rd period - Deflect By Chris Stewart.
2:05 of 3rd period - Shot Hit the Post.
2:05 of 3rd period - Puck is out of play.
2:06 of 3rd period - Gilbert Brule wins face-off versus Jesse Winchester in Princes zone.
2:14 of 3rd period - Minor Penalty to Jesse Winchester for Tripping.
2:15 of 3rd period - P.J. Axelsson wins face-off versus Gilbert Brule in Princes zone.
2:52 of 3rd period - Slapshot by Anton Stralman.
2:52 of 3rd period - Stopped by Jeff Deslauriers with a rebound.
4:14 of 3rd period - Penalty to Jesse Winchester is over, Jesse Winchester is back on ice.
4:22 of 3rd period - Minor Penalty to Theo Peckham for Tripping.
4:23 of 3rd period - P.J. Axelsson wins face-off versus Gilbert Brule in Princes zone.
4:45 of 3rd period - Lukas Krajicek is hit by Tyler Brenner and loses puck.
5:12 of 3rd period - Wrist shot by Gilbert Brule.
5:12 of 3rd period - Stopped by Jeff Deslauriers with a rebound.
5:18 of 3rd period - Snap shot by Chris Stewart.
5:18 of 3rd period - Shot Blocked by Rhett Warrener.
5:20 of 3rd period - Snap shot by Chris Stewart.
5:20 of 3rd period - Goal by Chris Stewart - High Goats : 3 - Princes : 2.
5:21 of 3rd period - Joël Perrault wins face-off versus Jesse Winchester in neutral zone.
5:49 of 3rd period - Wrist shot by Brendon Segal.
5:49 of 3rd period - Stopped by Jeff Deslauriers with a rebound.
5:51 of 3rd period - Wrist shot by Brendon Segal.
5:51 of 3rd period - Stopped by Jeff Deslauriers without a rebound.
5:52 of 3rd period - Michael Nylander wins face-off versus Petteri Wirtanen in Princes zone.
6:30 of 3rd period - Off-side.
6:31 of 3rd period - Jesse Winchester wins face-off versus Brad Larsen in neutral zone.
7:38 of 3rd period - Snap shot by Matt Taormina.
7:38 of 3rd period - Shot Misses the Net.
7:48 of 3rd period - Wrist shot by Petteri Wirtanen.
7:48 of 3rd period - Shot Blocked by Kevin Shattenkirk.
8:20 of 3rd period - Wrist shot by Gilbert Brule.
8:20 of 3rd period - Shot Blocked by Rostislav Klesla.
8:26 of 3rd period - Backhand shot by Chris Stewart.
8:26 of 3rd period - Shot Blocked by Michael Haley.
8:28 of 3rd period - Slapshot by Sami Lepisto.
8:28 of 3rd period - Deflect By Chris Stewart.
8:28 of 3rd period - Goal by Chris Stewart - High Goats : 4 - Princes : 2.
8:29 of 3rd period - Jesse Winchester wins face-off versus Gilbert Brule in neutral zone.
8:40 of 3rd period - Wrist shot by Alexander Korolyuk.
8:40 of 3rd period - Shot Hit the Post.
8:42 of 3rd period - Slapshot by Brian McGrattan.
8:42 of 3rd period - Stopped by Jonathan Bernier with a rebound.
9:26 of 3rd period - P.J. Axelsson is hit by Sami Lepisto and loses puck.
9:58 of 3rd period - Wrist shot by Michael Nylander.
9:58 of 3rd period - Stopped by Jonathan Bernier with a rebound.
10:00 of 3rd period - Slapshot by Kevin Shattenkirk.
10:00 of 3rd period - Shot Misses the Net.
10:02 of 3rd period - Snap shot by David Perron.
10:02 of 3rd period - Deflect By Sergei Shirokov.
10:02 of 3rd period - Shot Misses the Net.
10:02 of 3rd period - Puck is out of play.
10:03 of 3rd period - Nick Bonino wins face-off versus Michael Nylander in High Goats zone.
10:08 of 3rd period - Wrist shot by Sergei Shirokov.
10:08 of 3rd period - Shot Misses the Net.
10:10 of 3rd period - Wrist shot by Sergei Shirokov.
10:10 of 3rd period - Stopped by Jonathan Bernier without a rebound.
10:11 of 3rd period - Gilbert Brule wins face-off versus Michael Nylander in High Goats zone.
10:11 of 3rd period - Gilbert Brule is hit by Michael Nylander.
10:42 of 3rd period - Snap shot by David Perron.
10:42 of 3rd period - Shot Blocked by Matt Taormina.
10:44 of 3rd period - Slapshot by Kevin Shattenkirk.
10:44 of 3rd period - Shot Misses the Net.
10:46 of 3rd period - Snap shot by David Perron.
10:46 of 3rd period - Shot Misses the Net.
11:11 of 3rd period - Snap shot by David Perron.
11:11 of 3rd period - Stopped by Jonathan Bernier with a rebound.
11:19 of 3rd period - Wrist shot by Sergei Shirokov.
11:19 of 3rd period - Shot Misses the Net.
11:21 of 3rd period - Snap shot by Michael Nylander.
11:21 of 3rd period - Shot Misses the Net.
11:23 of 3rd period - Slapshot by Rostislav Klesla.
11:23 of 3rd period - Stopped by Jonathan Bernier without a rebound.
11:24 of 3rd period - Jesse Winchester wins face-off versus Nick Bonino in High Goats zone.
12:23 of 3rd period - Snap shot by Joël Perrault.
12:23 of 3rd period - Stopped by Jeff Deslauriers without a rebound.
12:24 of 3rd period - Jesse Winchester wins face-off versus Gilbert Brule in Princes zone.
12:40 of 3rd period - Gilbert Brule is hit by Sean Zimmerman and loses puck.
12:57 of 3rd period - Sean Zimmerman is hit by Nick Bonino.
13:50 of 3rd period - Wrist shot by Pavel Brendl.
13:50 of 3rd period - Stopped by Jeff Deslauriers without a rebound.
13:51 of 3rd period - Gilbert Brule wins face-off versus Jesse Winchester in Princes zone.
13:54 of 3rd period - Wrist shot by Mason Raymond.
13:54 of 3rd period - Stopped by Jeff Deslauriers with a rebound.
13:56 of 3rd period - Wrist shot by Mason Raymond.
13:56 of 3rd period - Shot Misses the Net.
13:58 of 3rd period - Slapshot by Matt Taormina.
13:58 of 3rd period - Stopped by Jeff Deslauriers without a rebound.
13:59 of 3rd period - Jesse Winchester wins face-off versus Gilbert Brule in Princes zone.
14:04 of 3rd period - Slapshot by Alexander Korolyuk.
14:04 of 3rd period - Stopped by Jonathan Bernier with a rebound.
14:24 of 3rd period - Wrist shot by Alexander Korolyuk.
14:24 of 3rd period - Shot Misses the Net.
14:26 of 3rd period - Wrist shot by Brian McGrattan.
14:26 of 3rd period - Shot Misses the Net.
14:28 of 3rd period - Slapshot by Kevin Shattenkirk.
14:28 of 3rd period - Shot Blocked by Thomas Hickey.
14:30 of 3rd period - Wrist shot by Kevin Shattenkirk.
14:30 of 3rd period - Shot Blocked by Mason Raymond.
14:32 of 3rd period - Wrist shot by Brian McGrattan.
14:32 of 3rd period - Stopped by Jonathan Bernier without a rebound.
14:33 of 3rd period - Michael Nylander wins face-off versus Joël Perrault in High Goats zone.
14:46 of 3rd period - Snap shot by Sergei Shirokov.
14:46 of 3rd period - Shot Misses the Net.
15:00 of 3rd period - Nick Bonino is hit by Tyler Brenner.
15:24 of 3rd period - Wrist shot by Jesse Winchester.
15:24 of 3rd period - Shot Misses the Net.
15:26 of 3rd period - Wrist shot by Jesse Winchester.
15:26 of 3rd period - Stopped by Jonathan Bernier with a rebound.
15:35 of 3rd period - Icing by Brandon Bollig.
15:36 of 3rd period - Michael Nylander wins face-off versus Gilbert Brule in High Goats zone.
16:05 of 3rd period - Wrist shot by P.J. Axelsson.
16:05 of 3rd period - Stopped by Jonathan Bernier with a rebound.
16:07 of 3rd period - Snap shot by P.J. Axelsson.
16:07 of 3rd period - Shot Misses the Net.
16:09 of 3rd period - Snap shot by Rostislav Klesla.
16:09 of 3rd period - Shot Misses the Net.
16:11 of 3rd period - Slapshot by Rostislav Klesla.
16:11 of 3rd period - Stopped by Jonathan Bernier with a rebound.
16:41 of 3rd period - Nick Bonino is hit by Sergei Shirokov.
16:53 of 3rd period - Minor Penalty to Anthony Peluso for Interference.
16:54 of 3rd period - Gilbert Brule wins face-off versus P.J. Axelsson in Princes zone.
18:43 of 3rd period - Rhett Warrener is hit by Anton Stralman and loses puck.
18:53 of 3rd period - Penalty to Anthony Peluso is over, Anthony Peluso is back on ice.
19:00 of 3rd period - Slapshot by Gilbert Brule.
19:00 of 3rd period - Stopped by Jeff Deslauriers with a rebound.
19:18 of 3rd period - Slapshot by Gilbert Brule.
19:18 of 3rd period - Shot Blocked by Jonathan Tremblay.
Output by the SimonT Hockey Simulator (STHS) for François Prévost -- Original Page W3C XHTML 1.0 Valid